[Event "Champions Chess Tour AI Cup 2023"]
[Site "Chess.com"]
[Date "2023.09.25"]
[Round "1"]
[White "Firouzja, Alireza"]
[Black "Vachier Lagrave, Maxime"]
[Result "0-1"]
[WhiteElo "2815"]
[BlackElo "2778"]
[ECO "B97"]
[EventDate "2023.??.??"]
[Annotator "rafael"]
[PlyCount "80"]
[Beauty "7629631689258"]
[EventType "team-tourn"]
[TimeControl "900+3"]

1.e4 c5 2.Nf3 d6 3.d4 cxd4 4.Nxd4 Nf6 5.Nc3 a6 6.Bg5 e6 7.f4 Qb6 {The Poisoned Pawn Variation of the Najdorf was Fischer's and Kasparov's favorite. Computers are not capable of proving an advantage for White, but it takes courage and a good memory to play this line with Black, qualities that Vachier-Lagrave certainly isn't lacking.} 8.Nb3 {What should we call this: an Anti-Poisoned Pawn Variation $2} ( 8.Qd2 Qxb2 {has been tested in thousands of games, including one victory for Spassky against Fischer in the Match of the Century.} ) 8...Nbd7 9.Qe2 {The development of the white queen on e2 is a relatively recent invention, and many players now prefer this square and not the old but also pleasant f3.} 9...Qc7 10.O-O-O b5 11.a3 Be7 12.Kb1 {All these moves are very natural for both sides. Being the greatest living expert on the Najdorf, Vachier-Lagrave should have all this very well prepared.} 12...Rb8 $1 {[%c_effect b8;square;b8;type;GreatFind;persistent;true] Preparing the typical pawn break with b5-b4.} ( 12...Bb7 {The Frenchman chose this move last year, but White gained a dangerous initiative after} 13.Qe1 Rc8 14.Bd3 Nc5 15.Nxc5 dxc5 16.e5 {in Maghsoodloo-Vachier Lagrave, EU-Cup Mayrhofen 2022.} ) 13.Qe1 $1 {[%c_effect e1;square;e1;type;GreatFind;persistent;true] Excellent prophylaxis.} ( 13.g4 {is not convincing:} 13...b4 14.axb4 Rxb4 {with good counterplay for Black.} ) 13...Bb7 ( 13...b4 $2 {[%c_effect b4;square;b4;type;Mistake;persistent;true] This move doesn't work now:} 14.axb4 Rxb4 15.Nd5 $1 {[%c_effect d5;square;d5;type;GreatFind;persistent;true] The role of the queen on e1 becomes clear.} ) 14.Bd3 h6 15.Bh4 Nc5 {All this has been played before. The theory of the Najdorf goes very deep, especially in the 6.Bg5 variation.} 16.f5 {An interesting move, played in a correspondence game.} ( 16.Nxc5 {doesn't give White much:} 16...dxc5 17.e5 Nd5 18.Nxd5 Bxd5 19.Bxe7 Qxe7 20.Be4 b4 {with good counterplay for Black in Nepomniachtchi-Giri, Carlsen Inv KO (rapid) 2021.} ( 20...Bxe4 {is also possible:} 21.Qxe4 O-O 22.Rd6 b4 ) ) 16...exf5 ( 16...Nxd3 17.Rxd3 O-O {is the continuation favored by the computer. No wonder it was played in the email game mentioned before. This game, unsurprisingly, ended in a draw: De Andres Senra-Boudey, EU-ch email 2020.} ) 17.Nxc5 ( 17.exf5 O-O 18.Nxc5 dxc5 {transposes to the game.} ) 17...dxc5 18.exf5 {White has an interesting alternative:} ( 18.Nd5 $5 {[%c_effect d5;square;d5;type;Interesting;persistent;true] Black needs to walk a tightrope, but eventually escapes.} 18...Bxd5 19.exd5 O-O 20.d6 $1 Bxd6 ( 20...Qxd6 $2 {[%c_effect d6;square;d6;type;Mistake;persistent;true] loses to} 21.Bxf5 Qc7 22.Bg3 {picking up the b8-rook.} ) 21.Bxf6 gxf6 22.Qh4 Bf4 $1 {[%c_effect f4;square;f4;type;GreatFind;persistent;true] although the position looks dangerous, the machine shows that Black can hold.} ) 18...O-O 19.Bxb5 $1 {[%c_effect b5;square;b5;type;GreatFind;persistent;true] Both players are up to the challenge.} ( 19.Bg3 {leaves White empty-handed after} 19...Bd6 ) 19...Bxg2 ( 19...axb5 {is a good alternative, although very hard to find without the computer's help.} 20.Bg3 Qc6 21.Qxe7 ( 21.Bxb8 $2 {[%c_effect b8;square;b8;type;Mistake;persistent;true] The point is that this obvious move gives Black a winning initiative after} 21...Re8 $1 {[%c_effect e8;square;e8;type;GreatFind;persistent;true] for instance:} 22.Bg3 b4 {The attack more than compensates for the exchange.} ) 21...Rfe8 22.Qd6 Rbc8 {The activity of the pieces compensates for the missing pawn.} ) 20.Rg1 axb5 21.Rxg2 b4 22.Ne4 $1 {[%c_effect e4;square;e4;type;GreatFind;persistent;true] The best chance.} ( 22.Bxf6 Bxf6 23.Nd5 Qd6 {offers no advantage for White.} ) 22...Nxe4 ( 22...Qe5 {is also possible:} 23.Nxf6+ Bxf6 24.Qxe5 Bxe5 {with a roughly equal position.} ) 23.Qxe4 Bxh4 24.Qxh4 Kh7 ( 24...f6 {is possible, avoiding the advance of White's pawn. But after} 25.a4 {it's still possible for the first player to fight for a win.} ) 25.f6 g6 26.Rd3 {Preparing the queen sacrifice on h6. The position looks really dangerous, but Black can survive with a series of forced moves.} 26...Qe5 $1 27.Rh3 ( 27.Rxg6 {is not enough for the advantage:} 27...Kxg6 ( 27...fxg6 $2 28.Rd7+ ) 28.Rg3+ Qxg3 ( 28...Qg5 {is also possible.} ) ( 28...Kf5 $2 29.Rf3+ Ke6 ( 29...Kg6 30.Qg4+ Qg5 31.Qe4+ Kh5 32.Rh3+ {followed by mate.} ) 30.Qh3+ Kd6 31.Rd3+ Kc6 32.Qd7+ Kb6 33.Rd6+ {and White wins.} ) 29.Qxg3+ Kxf6 {with a likely draw.} ) 27...h5 28.Rg5 Qe2 $1 29.Qf4 $2 {[%c_effect f4;square;f4;type;Mistake;persistent;true] Probably frustrated at having come so close to mate, Firouzja makes a serious mistake.} ( 29.Rxh5+ {finishes the game with a pretty draw by perpetual check:} 29...gxh5 30.Qg5 Qf1+ $1 31.Ka2 Qc4+ 32.Kb1 Qf1+ ) 29...Qe1+ $1 30.Ka2 ( 30.Qc1 Rfe8 {is also very bad for White. Usually when an attack goes wrong, the endgame is bad because you create weaknesses trying to attack.} ) 30...Qe6+ 31.Rb3 c4 $2 ( {The simple} 31...bxa3 {opens lines to decisively attack White's king.} ) 32.Rbg3 $2 {[%c_effect g3;square;g3;type;Mistake;persistent;true] White is back in the game after} ( 32.Rxb4 Rxb4 33.axb4 c3+ 34.Kb1 {it seems Black has no more than a draw.} ) ( 32.Re3 {is also playable:} 32...b3+ 33.cxb3 cxb3+ 34.Kb1 ) 32...b3+ 33.cxb3 cxb3+ 34.Kb1 {Now the queen can move forward on the e-file, and the game is over.} 34...Qe1+ ( 34...Qe2 {is also good.} ) 35.Qc1 Rfe8 36.Rc3 Qe4+ 37.Ka1 Rbc8 $1 {[%c_effect c8;square;c8;type;GreatFind;persistent;true] Using the theme of the back-rank mate.} 38.Rg1 ( 38.Rxc8 Rxc8 39.Qxc8 Qe1+ ) 38...Qd4 ( 38...Rxc3 39.Qxc3 Qd5 {followed by ...Re2 and a decisive advantage.} ) 39.Rgg3 ( 39.Qd1 {is the only chance.} ) 39...Rxc3 40.bxc3 ( 40.Rxc3 Qf2 ) 40...Qf2 {Threatening mate on a2 and also a rook invasion on e1.} 0-1

[Event "Champions Chess Tour AI Cup 2023"]
[Site "Chess.com"]
[Date "2023.09.26"]
[Round "51"]
[White "Nakamura, Hikaru"]
[Black "Giri, Anish"]
[Result "0-1"]
[WhiteElo "2786"]
[BlackElo "2700"]
[ECO "A03"]
[EventDate "2023.??.??"]
[Annotator "rafael"]
[PlyCount "58"]
[Beauty "8250363770896"]
[EventType "team-tourn"]
[TimeControl "900+3"]

1.b3 d5 2.Bb2 c5 3.e3 Nf6 4.f4 $6 {[%c_effect f4;square;f4;type;Inaccuracy;persistent;true] At the risk of earning the enmity of Dutch Defense supporters, I have to say that I'm not a big fan of advancing the f-pawn in the opening.} ( 4.Nf3 {leads to a Queen's Indian with a tempo up for White.} ) 4...g6 $1 {[%c_effect g6;square;g6;type;GreatFind;persistent;true] This is the best development to demonstrate the problems of White's opening.} 5.Bb5+ Bd7 6.Bxd7+ Qxd7 7.Nf3 Bg7 8.Qe2 O-O 9.d3 $6 {[%c_effect d3;square;d3;type;Inaccuracy;persistent;true] This move makes things worse.} ( 9.O-O Nc6 10.Ne5 {with only a slight advantage for Black.} ) 9...Nc6 10.Nbd2 d4 $1 11.e4 b5 {Something went very wrong with White's play. Black has a clear advantage. The b2-bishop doesn't make a good impression.} 12.O-O Ng4 $1 {[%c_effect g4;square;g4;type;GreatFind;persistent;true] The knight heads to the delicious e3-square.} 13.Rfe1 Bh6 14.g3 e5 $1 15.fxe5 ( 15.f5 {is the best chance to create some confusion, although Black is much better after} 15...gxf5 16.Nh4 fxe4 17.dxe4 Ne3 ) 15...Rae8 {A natural move, bringing the rook into the game. The computer indicates an intricate winning method with 15...f5.} ( 15...f5 $1 {[%c_effect f5;square;f5;type;GreatFind;persistent;true] opens the kingside and grants Black a winning attack.} 16.exf5 ( 16.exf6 Rxf6 {followed by ...Raf8} ) 16...Be3+ 17.Kg2 Bxd2 18.Nxd2 ( 18.Qxd2 Qxf5 {the f-file proves decisive.} ) 18...Ncxe5 {with a total destruction of White's position.} ) 16.a4 a6 {A solid move. There's a more incisive option available.} ( 16...Be3+ 17.Kg2 Ncxe5 18.axb5 ( 18.Nxe5 Rxe5 19.axb5 Rh5 $1 20.Nf1 f5 $1 {[%c_effect f5;square;f5;type;GreatFind;keyPressed;undefined;persistent;true] All of Black's pieces take part in the attack.} ) 18...Bxd2 19.Nxe5 Rxe5 $1 20.Qxd2 Rh5 21.h4 f5 {The bishop on b2 is the symbol of White's problems.} ) 17.axb5 axb5 18.Bc1 ( 18.Ba3 {is a better chance.} ) 18...Be3+ 19.Kg2 Nf2 ( 19...f5 $1 {[%c_effect f5;square;f5;type;GreatFind;persistent;true] is again a sophisticated path to victory.} 20.exf5 ( 20.exf6 Rxf6 21.Rf1 Nb4 ) 20...gxf5 $1 {[%c_effect f5;square;f5;type;GreatFind;persistent;true] a counterintuitive move, closing the f-file but taking the e4-square away from the knight. The queen comes to d5 sooner or later to decide the game.} ) ( 19...Ncxe5 {is also good.} ) 20.Ng1 $2 ( 20.Nf1 $1 {[%c_effect f1;square;f1;type;GreatFind;persistent;true] is the only chance. Needless to say, it's scary to let the black queen go to h3.} 20...Qh3+ 21.Kg1 Nxd3+ 22.Nxe3 Nxe1 23.Ng5 $1 {[%c_effect g5;square;g5;type;GreatFind;persistent;true] Black needs to play some accurate moves now.} 23...Qh5 $1 24.Ng4 Kg7 $1 25.Nxh7 $1 d3 $1 ( 25...Qxh7 $2 26.Bh6+ ) 26.Qxe1 ( 26.cxd3 Nd4 {wins.} ) 26...Qxg4 27.Nf6 Qf3 28.Qd2 Nxe5 29.Nxe8+ Rxe8 30.Bb2 dxc2 31.Qxc2 {Maybe I went too far in this line, but one gets carried away analyzing crazy variations sometimes. Black has a clear advantage, but many things could happen before this position arrives on the board.} ) 20...Nxe5 21.Nf1 Bxc1 22.Raxc1 {Now Giri executes a brilliant combination to wrap-up the game.} 22...f5 $3 {[%c_effect f5;square;f5;type;Brilliant;persistent;true] Everything is working for Black after this sacrifice.} 23.Qxf2 fxe4 24.Qd2 ( 24.Qe2 {doesn't change anything. Black wins by either taking the pawn on d3 or advancing his pawn to e3.} 24...e3 ( 24...exd3 25.cxd3 Ng4 {wins as well.} ) 25.Nxe3 dxe3 26.Qxe3 {A possible winning line follows:} 26...Ng4 27.Qxc5 Qb7+ 28.Kh3 Rxe1 29.Rxe1 Nf2+ 30.Kh4 Qd7 {White's king will soon perish.} ) 24...e3 25.Nxe3 Qc6+ 26.Kh3 dxe3 27.Rxe3 Qe6+ 28.Kg2 Qd5+ {A nice queen triangulation.} 29.Kh3 ( 29.Re4 Nxd3 $1 30.cxd3 Rxe4 {wins material.} ) 29...Ng4 $1 ( 29...Ng4 30.Rxe8 Qh5+ 31.Kg2 Qxh2# ) 0-1

[Event "Champions Chess Tour AI Cup 2023"]
[Site "Chess.com"]
[Date "2023.09.27"]
[Round "3"]
[White "Carlsen, Magnus"]
[Black "Vachier Lagrave, Maxime"]
[Result "1-0"]
[WhiteElo "2940"]
[BlackElo "2828"]
[ECO "B80"]
[EventDate "2023.??.??"]
[Annotator "rafael"]
[PlyCount "99"]
[Beauty "7011936833576"]
[EventType "team-tourn"]
[TimeControl "900+3"]

1.e4 c5 2.Nf3 d6 3.d4 cxd4 4.Nxd4 Nf6 5.Nc3 a6 6.Be3 {Carlsen decides to enter a theoretical battle in the Najdorf Defense.} 6...Ng4 7.Bc1 Nf6 8.f3 e6 9.Be3 b5 10.Qd2 Nbd7 11.g4 b4 12.Na4 ( 12.Nce2 {is another critical move and it was played by Topalov against Vachier-Lagrave.} 12...h6 13.Nf4 Bb7 14.Qxb4 Qc8 {with an unclear position in Topalov-Vachier-Lagrave, Riga FIDE GP 2019.} ) 12...h6 13.O-O-O Ne5 14.b3 ( 14.Qxb4 Bd7 {gives Black good compensation for the pawn, as several games have demonstrated.} ) 14...Bd7 15.Nb2 d5 16.Bf4 {This line was fashionable for a while, until players with White started looking for other ways to fight for the initiative.} 16...Nxf3 {An interesting piece sacrifice first played by Topalov, but there's a better way to play.} ( 16...Ng6 $1 {[%c_effect g6;square;g6;type;GreatFind;persistent;true] is the best move and was played in many correspondence games.} 17.Bg3 ( 17.e5 Nxf4 18.Qxf4 Ng8 {with a good position for Black.} ) 17...dxe4 18.Nc4 Nd5 {with good chances for Black in a complicated middlegame.} ) 17.Nxf3 Nxe4 18.Qd4 Rg8 $2 {[%c_effect g8;square;g8;type;Mistake;persistent;true] A new move and not a good one. Vachier-Lagrave probably forgot his preparation. The idea is to defend the g7-pawn and prepare ...Bc5.} ( 18...f6 {was played in Anand-Topalov, Sofia MTel Masters 2005.} ) 19.Ne5 $1 {[%c_effect e5;square;e5;type;GreatFind;persistent;true] White has other good moves, but I like Carlsen's choice.} ( 19.Nc4 Bc5 ( 19...dxc4 $2 20.Qxe4 ) 20.Qe5 {The computer proves an advantage, although it's far from easy to replicate the moves in a human game. For instance:} 20...f6 21.Qh5+ g6 22.Qxh6 Bf8 ( 22...dxc4 $2 23.Qh7 ) 23.Qh4 $1 dxc4 24.Bxc4 Qa5 25.Rd4 $1 {[%c_effect d4;square;d4;type;GreatFind;persistent;true] The only move that gives an advantage. Not very easy.} ) ( 19.Nd3 {is also good.} ) 19...Bc5 20.Qxe4 $1 {[%c_effect e4;square;e4;type;GreatFind;persistent;true] This is the point.} 20...dxe4 21.Nxd7 Qxd7 ( 21...Qe7 22.Bc4 {with a clear advantage for White.} ) 22.Rxd7 Kxd7 {Positions with a material imbalance are difficult to evaluate. White has the advantage, but the position is tricky.} 23.Nc4 $2 ( 23.Na4 $1 {[%c_effect a4;square;a4;type;GreatFind;persistent;true] is better:} 23...Bf2 ( 23...Bd4 24.Bxa6 $1 {[%c_effect a6;square;a6;type;GreatFind;persistent;true] wins a pawn:} 24...Rxa6 25.Rd1 ) 24.Bc4 {with an advantage.} ) 23...g5 $1 24.Be5 Ke7 {The position is unclear now. Black's pawns are dangerous.} 25.h4 Rad8 $6 ( 25...gxh4 $1 26.Rxh4 h5 $1 27.Rxh5 ( 27.gxh5 $2 Rg1 28.Rf4 f5 {with a winning advantage for Black.} ) 27...Rxg4 {The position is balanced.} ) 26.hxg5 Rxg5 27.Be2 Rg6 28.Bf4 Bd4 $6 ( 28...f6 {prevents the knight from going to e5 and leaves White with only a small advantage.} ) 29.Ne5 ( 29.Bd2 $1 {[%c_effect d2;square;d2;type;GreatFind;persistent;true] is even better:} 29...Rb8 ( 29...Bc3 $2 {[%c_effect c3;square;c3;type;Mistake;persistent;true] loses after} 30.Bxc3 bxc3 31.Ne5 {with a double attack.} ) ( 29...Bc5 $2 30.Ne5 {is the same.} ) 30.Na5 Kd6 31.Rd1 e5 32.Nc4+ Kc5 33.Ne3 $1 {[%c_effect e3;square;e3;type;GreatFind;persistent;true] The knight heads to f5 and White is much better.} ) 29...Bxe5 ( 29...Rf6 {is interesting. The idea is:} 30.Nc6+ ( 30.Bg3 Bxe5 31.Bxe5 Rf2 {with drawing chances for Black.} ) 30...Kd7 31.Nxd8 Rxf4 32.Nb7 Bb6 $1 {[%c_effect b6;square;b6;type;GreatFind;persistent;true] with good chances, since the extra knight is out of play.} ) 30.Bxe5 f5 31.gxf5 exf5 32.Bf4 ( 32.Bc4 {is also possible.} ) 32...a5 ( 32...Rh8 $1 {[%c_effect h8;square;h8;type;GreatFind;persistent;true] is better:} 33.Rh5 Kf6 {Although the position visually appears better for White, the computer indicates equality.} ) 33.Bxh6 Rg2 $6 ( 33...Rh8 $2 {[%c_effect h8;square;h8;type;Mistake;persistent;true] loses to} 34.Bg5+ ) ( 33...Rc8 {is interesting, with the idea of ...Rc3.} ) 34.Bf1 Rg6 35.Be3 {The bishop pair is deadly in open positions, but the game will still have some adventures.} 35...Kf6 36.Bc4 Ke5 37.Rh7 $1 f4 38.Rh5+ Kf6 39.Bb6 $1 ( 39.Bxf4 $4 {[%c_effect f4;square;f4;type;Blunder;persistent;true] loses after} 39...Rg1+ 40.Kb2 Rdd1 {with a mating attack.} ) 39...Rd7 40.Bxa5 ( 40.Bb5 $1 Re7 41.Bxa5 {The bishops are stronger than the pawns.} ) 40...Rg1+ 41.Kb2 f3 ( 41...Rg5 {forces White to find a difficult win:} 42.Rh6+ Kg7 43.Ra6 $1 ) 42.Bxb4 f2 43.Bc3+ $6 ( 43.Rh8 $1 {[%c_effect h8;square;h8;type;GreatFind;persistent;true] is better:} 43...Rf7 44.Re8 Kf5 45.a4 f1=Q 46.Bxf1 Rxf1 47.a5 {The e4-pawn is well controlled and the queenside pawns decide the game.} ) 43...Kg6 44.Re5 Re1 ( 44...Rd3 $1 {[%c_effect d3;square;d3;type;GreatFind;persistent;true] is a fantastic resource and leads to a crazy position:} 45.Rxe4 f1=Q 46.Re1 $1 Qg2 47.Bxd3+ {A curious imbalance: two bishops and three pawns against a queen. The machine shows that White is winning, but this would be difficult to prove with little time left.} 47...Kf7 48.Bc4+ Kf8 49.Bb4+ Kg7 50.Re7+ Kf6 51.Rh7 {The king is under attack and the pawns can march in case they are needed.} ) 45.Re6+ ( 45.Bb4 {is a good alternative, with the idea of Bc5, chasing the pawns.} ) 45...Kg5 46.Rf6 $2 {[%c_effect f6;square;f6;type;Mistake;persistent;true] White had to find a nearly impossible winning move.} ( 46.Ba5 $3 e3 47.Bb6 {The pawns are stopped.} ) ( 46.Bb4 {doesn't work:} 46...e3 47.Bc5 Rc7 $1 {[%c_effect c7;square;c7;type;GreatFind;persistent;true] and Black escapes.} ) 46...e3 47.Rf8 Rc7 $2 {[%c_effect c7;square;c7;type;Mistake;persistent;true] The last mistake.} ( 47...Rdd1 $1 48.a4 f1=Q 49.Bxf1 Rxf1 50.Re8 Kf4 {with a complex endgame that can be analyzed for many more moves. For now let me just say that the computer shows equality.} ) 48.Bd4 $1 {[%c_effect d4;square;d4;type;GreatFind;persistent;true] This was certainly missed by Vachier-Lagrave.} 48...Rxc4 49.Bxe3+ Rxe3 50.bxc4 {The rook endgame is completely winning for White.} 1-0